 Dungeon Crawl Stone Soup version 0.29-a0-266-gf56f883ddd (webtiles) character file.

Game seed: 5267034040991694231

57 gruber the Shooter (level 3, -2/30 HPs)
             Began as a Minotaur Hunter on Mar 6, 2022.
             Slain by an ogre
             ... wielding a +0 giant club
              (16 damage)
             ... on level 2 of the Dungeon.
             The game lasted 00:01:00 (1218 turns).

gruber the Shooter (Minotaur Hunter)                Turns: 1218, Time: 00:01:01

Health: -2/30      AC:  3    Str: 16    XL:     3   Next: 73%
Magic:  2/2        EV: 12    Int:  8    God:
Gold:   95         SH:  0    Dex: 12    Spells: 2/2 levels left

rFire   . . .      SeeInvis .   a - +1 shortbow
rCold   . . .      Faith    .   (shield currently unavailable)
rNeg    + . .      Spirit   .   b - +0 leather armour
rPois   .          Reflect  .   (helmet restricted)
rElec   .          Harm     .   (no cloak)
rCorr   .          Rampage  .   (no gloves)
Will    .....                   (no boots)
Stlth   +.........              (no amulet)
HPRegen 0.10/turn               h - ring of positive energy
MPRegen 0.08/turn               (no ring)

@: no status effects
A: horns 2, retaliatory headbutt
a: no special abilities


You were on level 2 of the Dungeon.
You visited 1 branch of the dungeon, and saw 2 of its levels.

You collected 95 gold pieces.

Inventory:

Hand Weapons
 a - a +1 shortbow (weapon)
 l - a +0 long sword
Missiles
 i - a throwing net
Armour
 b - a +0 leather armour (worn)
Jewellery
 g - a ring of ice
 h - a ring of positive energy (left hand)
Scrolls
 c - a scroll of immolation
 j - a scroll of identify {unknown}
 k - a scroll of amnesia {unknown}
 m - 2 scrolls of noise {unknown}
 n - a scroll of enchant weapon {unknown}
 o - a scroll of holy word {unknown}
 p - a scroll of teleportation {unknown}
Potions
 d - 4 potions of curing {unknown}
 e - 3 potions of mutation {unknown}
 f - a potion of haste {unknown}


   Skills:
 + Level 2.8 Fighting
 + Level 5.7 Bows
 + Level 0.2 Armour
 + Level 2.2 Dodging
 + Level 0.9 Stealth


You had 2 spell levels left.
You didn't know any spells.
Your spell library contained the following spells:

 Spells                   Type           Power      Damage    Failure   Level
 Ignite Poison            Fire/Tmut/Pois 0%         N/A       85%         3
 Mephitic Cloud           Conj/Pois/Air  0%         N/A       85%         3
 Freezing Cloud           Conj/Ice/Air   0%         6-21      100%        5


Dungeon Overview and Level Annotations

Branches:
Dungeon (2/15)

Altars:


Innate Abilities, Weirdness & Mutations

You have a pair of horns on your head.
You reflexively headbutt those who attack you in melee.


Message History

An ogre is nearby!
You shoot an arrow. The arrow barely misses the ogre.
You shoot an arrow. The arrow hits the ogre!
The ogre is severely wounded.
The ogre misses you. You furiously retaliate!
You headbutt the ogre. You shoot an arrow.
The arrow hits the ogre but does no damage.
The ogre is severely wounded.
The ogre hits you with a +0 giant club!
Ouch! That really hurt!
You are too injured to fight recklessly!
You are too injured to fight recklessly!
Shoot: a) +1 shortbow
Press: ? - help, Q - select action, (/) - cycle Shift-Dir - straight line, f/p - ogre
Aim: an ogre, wielding a +0 giant club (severely wounded, 76% to hit)
You shoot an arrow. The arrow hits the ogre.
The ogre is severely wounded.
The ogre closely misses you.
Unknown command.
Shoot: a) +1 shortbow
Press: ? - help, Q - select action, (/) - cycle Shift-Dir - straight line, f/p - ogre
Aim: an ogre, wielding a +0 giant club (severely wounded, 76% to hit)
You shoot an arrow.
The arrow hits the ogre but does no damage.
The ogre is severely wounded.
Unknown command.
Shoot: a) +1 shortbow
Press: ? - help, Q - select action, (/) - cycle Shift-Dir - straight line, f/p - ogre
Aim: an ogre, wielding a +0 giant club (severely wounded, 76% to hit)
You shoot an arrow. The arrow closely misses the ogre.
The ogre closely misses you.
Unknown command.
Unknown command.
Shoot: a) +1 shortbow
Press: ? - help, Q - select action, (/) - cycle Shift-Dir - straight line, f/p - ogre
Aim: an ogre, wielding a +0 giant club (severely wounded, 76% to hit)
You shoot an arrow. The arrow closely misses the ogre.
The ogre hits you with a +0 giant club!
Ouch! That really hurt!
You die...

..#... ...####.# #....#
#.# #.# #.... #.# #.#
#)#.# #.####.#
..#)#####.......
#.#.......####..
#.#.......##....
#.#######.#.............
#......@..........##.#..
##.##.#O##..............
#.).##......≈≈≈.####
#.#.##......≈!≈.#
#.#.##.####.≈≈≈.# .
.....# #.....# ## #..$..
##.### #.#### <


You could see an ogre.

Vanquished Creatures
  3 adders (D:2)
  2 dart slugs
  3 bats (D:1)
  2 endoplasms
  A giant cockroach (D:1)
  2 goblins (D:1)
  2 hobgoblins (D:1)
  A quokka (D:1)
  3 ball pythons
  3 frilled lizards
  3 kobolds (D:2)
  A rat (D:2)
26 creatures vanquished.

Vanquished Creatures (others)
  7 toadstools (D:1)
7 creatures vanquished.

Grand Total: 33 creatures vanquished

Notes
Turn   | Place    | Note
-------+----------+-------------------------------------------
     0 | D:1      | gruber the Minotaur Hunter began the quest for the Orb.
     0 | D:1      | Reached XP level 1. HP: 18/18 MP: 0/0
   311 | D:1      | Reached XP level 2. HP: 25/25 MP: 1/1
   589 | D:1      | Reached skill level 5 in Bows
   896 | D:2      | Reached XP level 3. HP: 30/30 MP: 2/2
  1209 | D:2      | Noticed an ogre
  1218 | D:2      | Slain by an ogre

Illustrated notes

Levels and vault maps discovered:
D:1:      nagdon_arrival_double_spiral, layout_basic
D:2:      layout_loops_cross, corexii_item_surrounded_by_moat

Skill      XL: |  1  2 |
---------------+-------+-----
Bows           | 5 |  5.7
Fighting       | |  2.8
Armour         | |  0.2
Dodging        | |  2.2
Stealth        | |  0.9

Action                   || total
-------------------------++-------
 Fire: Shortbow          ||    77
Armor: Leather armour    ||    11
Dodge: Dodged            ||    23

Table legend: (Time is in decaauts)
 A = Elapsed time spent in this place.
 B = Non-inter-level travel time spent in this place.
 C = Inter-level travel time spent in this place.
 D = Time resting spent in this place.
 E = Time spent auto-exploring this place.
 F = Levels seen in this place.
 G = Mean time per level.
                   A        B        C        D        E       F      G
               +--------+--------+--------+--------+--------+-----+--------+
         Total |   1276 |   1249 |     27 |      0 |   1079 |   2 |  638.0 |
       Dungeon |   1276 |   1249 |     27 |      0 |   1079 |   2 |  638.0 |
               +--------+--------+--------+--------+--------+-----+--------+

Top non-repeatable levels by time:
     D:1: 829 daAuts
     D:2: 446 daAuts
